 Dungeon Crawl Stone Soup version 0.27.1-34-g3ba077fa99 (webtiles) character file.

Game seed: 9857452738156411739

737782 Arum the Conqueror (level 27, -3/249 HPs)
             Began as a Formicid Fighter on Jan 10, 2022.
             Was a High Priest of the Shining One.
             Killed from afar by a starcursed mass (23 damage)
             ... with an accursed screaming
             ... on level 3 of the Abyss on Jan 12, 2022.
             The game lasted 03:27:29 (62168 turns).

Arum the Conqueror (Formicid Fighter)              Turns: 62168, Time: 03:27:29

Health: -3/249     AC: 34    Str: 38      XL:     27
Magic:  6/31       EV: 16    Int: 12 (13) God:    the Shining One [*****.]
Gold:   2411       SH: 37    Dex: 15      Spells: 26/26 levels left

rFire    + + +     SeeInvis +   X - +6 lajatang (holy)
rCold    + + +     Faith    .   m - +18 shield of the Gong {rElec rN+ Will+ EV-5}
rNeg     + + +     Spirit   .   f - +12 ice dragon scales of an ossuary {rF- rC++ Will+ Str+4 Slay+5}
rPois    +         Reflect  .   (helmet unavailable)
rElec    +         Harm     .   U - scarf {rC+ rF+}
rCorr    .         Rampage  .   c - +0 pair of gloves of Beyxeop {Will+ Regen+ Int+2 Stlth+}
Will     +++++                  s - +0 pair of boots {Fly}
Stlth    +.........             O - amulet of the Rose {Fly rN+ Regen+ Str+4}
HPRegen  0.00/turn              S - ring "Tynlisoa" {rPois rF+++ Will-}
MPRegen  0.22/turn              g - ring "Guluedgh" {Will+ Dex+4}

@: flying, diseased, glowing, studying Ice Magic
A: permanent stasis, dig shafts and tunnels, antennae 3, four strong arms,
screaming 1
}: 4/15 runes: serpentine, barnacled, slimy, silver
a: Dig, Shaft Self, Renounce Religion, Divine Shield, Cleansing Flame, Summon
Divine Warrior


You were on level 3 of the Abyss.
You worshipped the Shining One.
The Shining One was extremely pleased with you.
You visited 11 branches of the dungeon, and saw 53 of its levels.
You visited the Abyss 3 times.
You also visited: Bailey, Ice Cave and Wizlab.

You collected 11761 gold pieces.
You spent 9350 gold pieces at shops.

Inventory:

Hand Weapons
 j - a +9 lajatang of flaming
 q - the +11 quarterstaff of Conformity {venom, rF+ rN++ MP+9 Stlth-}
   (Okawaru gifted it to you on level 13 of the Dungeon)

   It poisons the flesh of those it strikes.
   rF:        It protects you from fire.
   rN:        It greatly protects you from negative energy.
   MP:        It affects your magic capacity (+9).
   Stlth:     It makes you less stealthy.
 X - a +6 lajatang of holy wrath (weapon)
 Y - the +7 great mace "Undeadhunter" {disrupt, rN+}
   (You found it on level 5 of the Pits of Slime)

   It inflicts significantly more damage against the undead.
   rN:        It protects you from negative energy.
Missiles
 b - 36 javelins (quivered)
 p - 21 throwing nets
 J - 51 silver javelins
Armour
 c - the +0 pair of gloves of Beyxeop (worn) {Will+ Regen+ Int+2 Stlth+}
   (Okawaru gifted it to you on level 5 of the Depths)

   Int:       It affects your intelligence (+2).
   Regen:     It increases your rate of health regeneration.
   Will:      It increases your willpower.
   Stlth:     It makes you more stealthy.
 f - the +12 ice dragon scales of an ossuary (worn) {rF- rC++ Will+ Str+4 Slay+5}
   (You found it on level 3 of the Elven Halls)

   Str:       It affects your strength (+4).
   Slay:      It affects your accuracy & damage with ranged weapons and melee
   (+5).
   rF:        It makes you vulnerable to fire.
   rC:        It greatly protects you from cold.
   Will:      It increases your willpower.
 m - the +18 shield of the Gong (worn) {rElec rN+ Will+ EV-5}
   (You found it on level 3 of the Vaults)

   It is deafeningly noisy when blocking attacks.
   EV:        It affects your evasion (-5).
   rElec:     It insulates you from electricity.
   rN:        It protects you from negative energy.
   Will:      It increases your willpower.
 s - a +0 pair of boots of flying (worn)
 U - a scarf of resistance (worn)
Jewellery
 g - the ring "Guluedgh" (right hand) {Will+ Dex+4}
   (You found it on level 3 of the Elven Halls)

   [ring of willpower]

   Dex:       It affects your dexterity (+4).
   Will:      It increases your willpower.
 r - a ring of positive energy
 B - the ring of Guzorhib {rF++ rC+ SInv}
   (You found it on level 5 of the Pits of Slime)

   [ring of see invisible]

   rF:        It greatly protects you from fire.
   rC:        It protects you from cold.
   SInv:      It lets you see invisible.
 H - the ring "Buikh" {rC+ Dex+6}
   (You took it off a merfolk impaler on level 4 of the Shoals)

   [ring of protection from cold]

   Dex:       It affects your dexterity (+6).
   rC:        It protects you from cold.
 L - a ring of willpower
 O - the amulet of the Rose (around neck) {Fly rN+ Regen+ Str+4}
   (You acquired it on level 12 of the Dungeon)

   [amulet of regeneration]

   Str:       It affects your strength (+4).
   rN:        It protects you from negative energy.
   Fly:       It grants you flight.
   Regen:     It increases your rate of health regeneration.
 S - the ring "Tynlisoa" (left hand) {rPois rF+++ Will-}
   (You bought it in a shop on level 1 of the Snake Pit)

   [ring of poison resistance]

   rF:        It renders you almost immune to fire.
   rPois:     It protects you from poison.
   Will:      It decreases your willpower.
 Z - the ring of Spite {rPois rCorr Str+2 Slay+2}
   (You found it on level 3 of the Elven Halls)

   [ring of resist corrosion]

   Str:       It affects your strength (+2).
   Slay:      It affects your accuracy & damage with ranged weapons and melee
   (+2).
   rPois:     It protects you from poison.
   rCorr:     It protects you from acid and corrosion.
Wands
 t - a wand of acid (29)
 C - a wand of digging (26)
 M - a wand of iceblast (89)
Scrolls
 n - 9 scrolls of magic mapping
 o - 13 scrolls of fear
 w - 4 scrolls of holy word
 y - 14 scrolls of enchant armour
 A - 10 scrolls of fog
 D - 7 scrolls of immolation
 F - 3 scrolls of summoning
 N - a scroll of brand weapon
 T - 33 scrolls of identify
Potions
 d - 16 potions of might
 e - 13 potions of heal wounds
 h - 25 potions of curing
 i - 15 potions of mutation
 l - 11 potions of brilliance
 x - a potion of invisibility
 z - 5 potions of lignification
 K - 4 potions of magic
 R - 3 potions of resistance
 V - 7 potions of ambrosia
 W - 3 potions of cancellation
Miscellaneous
 a - a lightning rod (4/4)
 k - the horn of Geryon
 u - a box of beasts
 v - a phantom mirror
 G - a tin of tremorstones (2/2)
 P - a condenser vane
 Q - a phial of floods


   Skills:
 O Level 27 Fighting
 + Level 10.3(17.0) Maces & Flails
 - Level 1.4(14.5) Polearms
 - Level 21.2(21.8) Staves
 + Level 14.6 Throwing
 - Level 22.0 Armour
 - Level 19.1 Dodging
 + Level 23.3 Shields
 + Level 11.3 Invocations
 - Level 19.5 Evocations


You had 26 spell levels left.
You didn't know any spells.
Your spell library contained the following spells:

 Spells                   Type           Power      Damage    Failure   Level
 Animate Skeleton         Necr           0%         N/A       43%         1
 Apportation              Tloc           0%         N/A       43%         1
 Corona                   Hex            0%         N/A       43%         1
 Foxfire                  Conj/Fire      0%         2x1d4     43%         1
 Freeze                   Ice            0%         1d3       43%         1
 Magic Dart               Conj           0%         1d3       43%         1
 Shock                    Conj/Air       0%         1d3       43%         1
 Sting                    Tmut/Pois      0%         1d3       43%         1
 Summon Small Mammal      Summ           0%         N/A       43%         1
 Corpse Rot               Necr/Air       N/A        N/A       58%         2
 Ensorcelled Hibernation  Hex/Ice        0%         N/A       58%         2
 Poisonous Vapours        Pois/Air       0%         N/A       58%         2
 Searing Ray              Conj           0%         3d3       58%         2
 Slow                     Hex            0%         N/A       58%         2
 Static Discharge         Conj/Air       0%         N/A       58%         2
 Sublimation of Blood     Necr           0%         N/A       58%         2
 Call Canine Familiar     Summ           0%         N/A       82%         3
 Confusing Touch          Hex            0%         N/A       82%         3
 Conjure Flame            Conj/Fire      0%         6-21      82%         3
 Dazzling Flash           Conj/Hex       0%         N/A       82%         3
 Frozen Ramparts          Ice            0%         1d2       82%         3
 Gell's Gravitas          Tloc           0%         N/A       82%         3
 Ignite Poison            Fire/Tmut/Pois 0%         N/A       82%         3
 Inner Flame              Hex/Fire       0%         N/A       82%         3
 Lesser Beckoning         Tloc           0%         N/A       82%         3
 Mephitic Cloud           Conj/Pois/Air  0%         N/A       82%         3
 Ozocubu's Armour         Ice            0%         N/A       82%         3
 Portal Projectile        Hex/Tloc       0%         N/A       82%         3
 Spider Form              Tmut/Pois      0%         N/A       82%         3
 Summon Guardian Golem    Hex/Summ       0%         N/A       82%         3
 Teleport Other           Tloc           0%         N/A       82%         3
 Tukima's Dance           Hex            0%         N/A       82%         3
 Vampiric Draining        Necr           0%         2d6       82%         3
 Airstrike                Air            0%         N/A       99%         4
 Animate Armour           Summ/Erth      0%         N/A       99%         4
 Animate Dead             Necr           0%         N/A       99%         4
 Cause Fear               Hex            0%         N/A       99%         4
 Dispel Undead            Necr           0%         3d6       99%         4
 Fulminant Prism          Conj/Hex       0%         3d6       99%         4
 Hailstorm                Conj/Ice       0%         3d3       99%         4
 Ice Form                 Ice/Tmut       0%         N/A       99%         4
 Iskenderun's Mystic Bla  Conj/Tloc      0%         2d3       99%         4
 Leda's Liquefaction      Hex/Erth       0%         N/A       99%         4
 Olgreb's Toxic Radiance  Pois           0%         N/A       99%         4
 Passage of Golubria      Tloc           N/A        N/A       99%         4
 Petrify                  Tmut/Erth      0%         N/A       99%         4
 Sticky Flame             Conj/Fire      0%         2d3       99%         4
 Summon Ice Beast         Ice/Summ       0%         N/A       99%         4
 Alistair's Intoxication  Tmut/Pois      0%         N/A       100%        5
 Blade Hands              Tmut           0%         N/A       100%        5
 Excruciating Wounds      Necr           0%         N/A       100%        5
 Fireball                 Conj/Fire      0%         3d3       100%        5
 Freezing Cloud           Conj/Ice/Air   0%         6-21      100%        5
 Irradiate                Conj/Tmut      0%         3d13      100%        5
 Iskenderun's Battlesphe  Conj           0%         2d6       100%        5
 Lee's Rapid Deconstruct  Erth           0%         3d5*      100%        5
 Lightning Bolt           Conj/Air       0%         1d11      100%        5
 Manifold Assault         Tloc           0%         N/A       100%        5
 Metabolic Englaciation   Hex/Ice        0%         N/A       100%        5
 Silence                  Hex/Air        0%         N/A       100%        5
 Summon Forest            Summ/Tloc      0%         N/A       100%        5
 Summon Mana Viper        Hex/Summ       0%         N/A       100%        5
 Yara's Violent Unravell  Hex/Tmut       0%         3d3       100%        5
 Conjure Ball Lightning   Conj/Air       0%         3x3d6     100%        6
 Dispersal                Tloc           0%         N/A       100%        6
 Eringya's Noxious Bog    Tmut/Pois      0%         N/A       100%        6
 Invisibility             Hex            0%         N/A       100%        6
 Iron Shot                Conj/Erth      0%         9d1       100%        6
 Shadow Creatures         Summ           N/A        N/A       100%        6
 Simulacrum               Ice/Necr       0%         N/A       100%        6
 Starburst                Conj/Fire      0%         6d3       100%        6
 Statue Form              Tmut/Erth      0%         N/A       100%        6
 Dragon Form              Tmut           0%         N/A       100%        7
 Haunt                    Necr/Summ      0%         N/A       100%        7
 Malign Gateway           Summ/Tloc      0%         N/A       100%        7
 Monstrous Menagerie      Summ           0%         N/A       100%        7
 Orb of Destruction       Conj           0%         N/A       100%        7
 Ozocubu's Refrigeration  Ice            0%         4d5       100%        7
 Spellforged Servitor     Conj/Summ      0%         N/A       100%        7
 Summon Hydra             Summ           0%         N/A       100%        7
 Discord                  Hex            0%         N/A       100%        8
 Disjunction              Tloc           0%         N/A       100%        8
 Ignition                 Fire           0%         3d3       100%        8
 Infestation              Necr           0%         N/A       100%        8
 Lehudib's Crystal Spear  Conj/Erth      0%         10d2      100%        8
 Maxwell's Capacitive Co  Air            0%         ∞         100%        8
 Necromutation            Tmut/Necr      0%         N/A       100%        8
 Chain Lightning          Conj/Air       0%         N/A       100%        9
 Polar Vortex             Ice            0%         N/A       100%        9
 Blink                    Tloc           Unusable   N/A       N/A         2

Dungeon Overview and Level Annotations

Branches:
Dungeon (15/15)            Temple (0/1) D:4            Lair (6/6) D:8
 Shoals (4/4) Lair:4        Snake (4/4) Lair:3        Slime (5/5) Lair:6
    Orc (2/2) D:10            Elf (3/3) Orc:2        Vaults (5/5) D:14
  Crypt (3/3) Vaults:2       Tomb (0/3) Crypt:3      Depths (5/5) D:15
   Hell (visited)             Dis (0/7) Hell            Geh (0/7) Hell
    Coc (0/7) Hell            Tar (0/7) Hell            Zot (0/5) Depths:5
 Bailey (visited)           IceCv (visited)          WizLab (visited)

Altars:
Ashenzari
Cheibriados
Dithmenos
Fedhas
Gozag
Hepliaklqana
Kikubaaqudgha
Nemelex Xobeh
Okawaru
Ru
Sif Muna
Vehumet
Yredelemnul
The Shining One
Jiyva

Shops:
D:10 (   D:11 (**   Orc:2 (*([   Elf:1 (*   Elf:2 !   Shoals:1 :   Snake:1 :==
Vaults:3 ?   Vaults:5 !!!??*?   Depths:3 =?=:

Portals:
Hell: Depths:1 Depths:2 Depths:3 Depths:4 Depths:5
Abyss: D:5 Depths:2 Depths:4
Pandemonium: Depths:1 Depths:3 Depths:5
Ziggurat: Depths:1
Trove: Depths:3 (give 2 scrolls of acquirement)

Annotations:
Abyss:3 1 transporter


Innate Abilities, Weirdness & Mutations

You cannot be hasted, slowed, berserked, paralysed or teleported.
You can dig through walls and to a lower floor.
You have a pair of large antennae on your head. (SInv)
Your four strong arms can wield two-handed weapons with a shield.
You occasionally shout uncontrollably at your foes.


Message History

You slice the starcursed mass!!
You destroy the starcursed mass!
You block the deep troll's attack.
GONNNNG!
You block the deep troll's attack.
BONNNG!
The deep troll closely misses you. You block the angel's attack.
BONNNG!
You block the angel's attack.
PTOANNNG!
You open the deep troll like a pillowcase!!!
The deep troll is severely wounded.
A cacophony of accursed wailing tears at your sanity!
* * * LOW HITPOINT WARNING * * *
Your stasis prevents you from being paralysed.
You block the angel's attack.
GONNNNG!
You block the angel's attack.
BOUMMMMG!
You chop the deep troll into pieces!!!
You kill the deep troll!
The angel hits you but does no damage. You block the angel's attack.
PANG!
Unknown command.
You hit the starcursed mass but do no damage.
You block the angel's attack.
BONNNG!
You block the angel's attack.
GONNNNG!
The iron imp shouts, "Slither hence, thou bawdy crook-pated foot-licker!"
Unknown command.
You slash the starcursed mass!
The starcursed mass is almost destroyed.
The starcursed mass shudders and is absorbed by its neighbour.
You block the angel's attack.
GONNNNG!
You block the angel's attack.
GONNNNG!
A cacophony of accursed wailing tears at your sanity!
You die...

# #...
. .#.
.#
.#..#
.# # ._
.## # {
. . # #
...#
...# #
#### .
.# |=#
#..##
.#. ? #
##.@?#
# #.#
.#
##XA#.#
##.# ..
#
#XXX###
. ..
##.


xXXXX###. # . .. #.5.XX##.....# .# ....©#..XX4#©...##. #. .. # .....## ..#.. .
.###.......###.. .. #. ##...###... #... You could see 12 starcursed masses, an
angel, a chaos spawn and an iron imp.

Vanquished Creatures
  the Royal Jelly (Slime:5)
  A dread lich (Depths:3)
  Mennas (Depths:3)
  4 ancient liches (Vaults:5)
  Mara (Snake:3)
  A juggernaut (Depths:2)
  Bai Suzhen (Snake:4)
  Saint Roka (Vaults:2)
  Xtahua (Vaults:4)
  A caustic shrike (Depths:2)
  A curse toe (Crypt:3)
  Geryon (Hell)
  Vashnia (Snake:3)
  Jory (Depths:4)
  Nikola (Shoals:1)
  6 bone dragons
  9 tentacled monstrosities
  Jorgrun (Shoals:3)
  Rupert (D:12)
  A quicksilver dragon (Vaults:5)
  Asterion (Snake:1)
  A Hell Sentinel (Depths:5)
  A deep elf master archer (Elf:3)
  9 liches
  5 titans
  8 ancient champions
  4 deep elf blademasters (Elf:3)
  The ghost of Ullipcorian the Executioner, an adept HOFi of Okawaru (Shoals:2)
  15 acid blobs
  19 tentacled starspawn
  A kraken (Shoals:1)
  2 Executioners (Abyss:1)
  7 sphinxes
  Gastronok (D:12)
  7 shadow dragons
  Kirke (D:13)
  10 tengu reavers
  Roxanne (Elf:1)
  3 storm dragons
  4 nagarajas (Snake:4)
  A daeva (Abyss:1)
  3 rockslimes
  5 revenants
  14 deep elf sorcerers
  11 fire giants
  2 iron dragons
  Louise (Elf:1)
  3 azure jellies
  15 frost giants
  A draconian scorcher (Depths:5)
  14 vault wardens
  3 balrugs
  An orc warlord (Vaults:3)
  2 curse skulls
  A juggernaut skeleton (Depths:3)
  2 deep elf elementalists (Elf:3)
  22 ironbound preservers
  A cacodemon (Depths:1)
  A caustic shrike skeleton (Crypt:1)
  3 war gargoyles
  3 reapers
  20 very ugly things
  9 ghouls
  20 stone giants
  5 quicksilver oozes
  A green draconian (Depths:5)
  A draconian annihilator (Abyss:2)
  5 vampire knights
  Nessos (D:14)
  2 deep elf demonologists
  A lorocyproca (Abyss:1)
  2 white draconians
  2 black draconians
  A purple draconian (Depths:5)
  Azrael (D:13)
  13 deep elf annihilators (Elf:3)
  An entropy weaver (shapeshifter) (Vaults:5)
  3 red draconians (Depths:5)
  2 yellow draconians (Depths:5)
  5 deep elf death magi
  The ghost of Feulaj the Severer, a journeyman MiBe of Trog (Lair:3)
  6 dire elephants
  An entropy weaver (Vaults:3)
  7 merfolk javelineers
  12 spark wasps
  A crystal guardian (Vaults:2)
  11 merfolk impalers
  5 eidola
  15 ettins
  A green death (Abyss:1)
  Josephine (D:12)
  A quicksilver dragon zombie (Hell)
  16 fire dragons
  2 mummy priests (Crypt:3)
  10 deep elf high priests
  14 yaktaur captains
  2 blizzard demons
  The ghost of LLlMATKO the Fighter, a journeyman MiBe of Trog (D:11)
  11 jiangshi
  A spectral kraken (Shoals:2)
  14 great orbs of eyes
  A fenstrider witch zombie (Crypt:1)
  10 hydras
  2 peacekeepers
  6 ironbound thunderhulks
  Harold (Lair:1)
  6 boulder beetles
  Erolcha (D:12)
  14 ice dragons
  A salamander tyrant (Snake:2)
  2 hell beasts
  7 spriggan air magi
  A catoblepas (Lair:5)
  29 vault guards
  4 merfolk aquamancers (Shoals:4)
  Fannar (D:10)
  6 rakshasas
  17 naga warriors
  Erica (D:11)
  8 ironbound frosthearts
  An alligator snapping turtle (Shoals:3)
  An anaconda (shapeshifter) (Vaults:5)
  5 ogre magi
  3 satyrs
  5 merfolk avatars
  8 deep troll shamans
  14 centaur warriors
  11 tengu warriors
  31 dancing weapons
  5 death knights
  21 two-headed ogres
  11 vampire magi
  14 anacondas
  5 spriggan berserkers
  2 titan zombies
  10 death yaks
  3 deep troll earth magi
  An orc high priest (Elf:2)
  4 ironbound beastmasters
  8 thrashing horrors
  2 hell hogs (Abyss:1)
  A storm dragon zombie (Abyss:1)
  17 naga sharpshooters
  A soul eater (Crypt:1)
  Sonja (Lair:1)
  11 shock serpents
  9 hell knights
  20 deep elf knights
  The ghost of Deranged the Basher, a novice GrBe of Trog (D:9)
  7 sun demons
  5 shadow wraiths
  A titan skeleton (Depths:3)
  2 storm dragon skeletons
  6 sixfirhies
  2 golden dragon zombies
  15 wretched stars
  2 anaconda zombies
  6 iron trolls
  7 flayed ghosts
  A spark wasp zombie (Hell)
  16 skeletal warriors
  A bunyip zombie (Crypt:2)
  3 salamander mystics
  2 deep trolls (shapeshifter)
  A death drake (Abyss:1)
  2 bog bodies
  11 sea snakes
  5 glowing orange brains
  2 shadow demons
  A kraken simulacrum (Hell)
  An obsidian statue (Depths:1)
  2 lindwurms
  3 orange crystal statues
  20 deep elf archers
  A ghost moth zombie (Abyss:1)
  4 naga ritualists
  A wolf spider zombie (Crypt:1)
  A swamp dragon (shapeshifter) (Depths:1)
  2 anaconda skeletons
  59 deep trolls
  An iron giant skeleton (Crypt:3)
  43 deep elf pyromancers
  30 deep elf zephyrmancers
  16 phantasmal warriors
  16 wizards
  23 harpies
  17 ironbound convokers
  2 mana vipers (shapeshifter)
  An eleionoma zombie (Crypt:1)
  8 necromancers
  45 ugly things
  2 iron dragon zombies
  5 orc knights
  A fire giant zombie (Abyss:1)
  4 oklob plants
  7 fauns
  A wolf spider (shapeshifter) (D:15)
  4 orc sorcerers
  4 shining eyes
  4 stone giant zombies
  A will-o-the-wisp (Abyss:1)
  9 cyclopes
  13 manticores
  7 mana vipers
  3 frost giant zombies
  6 worldbinders (Abyss:1)
  12 salamanders
  An iron dragon skeleton (Crypt:2)
  3 eyes of devastation (Slime:5)
  18 vault sentinels
  A spriggan zombie (Hell)
  Joseph (D:7)
  31 black mambas
  2 fire giant skeletons
  4 ice statues
  26 elephants
  6 guardian serpents
  4 rust devils
  17 smoke demons
  A cane toad (shapeshifter) (Abyss:1)
  A spectral sea snake (Shoals:2)
  2 water nymphs (shapeshifter)
  7 water nymphs
  10 merfolk sirens
  The ghost of vvlvvlvvl the Ruffian, a novice DrTm (D:5)
  2 gargoyles
  A torpor snail (shapeshifter) (D:11)
  15 naga magi
  A dire elephant skeleton (Crypt:3)
  12 cane toads
  7 molten gargoyles
  7 rime drakes
  2 elf zombies
  4 orange demons
  An emperor scorpion zombie (Crypt:3)
  2 komodo dragons (shapeshifter)
  6 efreet
  2 hellions
  4 demonic crawlers
  3 ice devils
  6 unseen horrors
  2 sea snake zombies (Hell)
  14 komodo dragons
  5 freezing wraiths
  49 starcursed masses
  27 yaktaurs
  2 anaconda simulacra
  A purple draconian skeleton (Crypt:1)
  2 queen bees
  6 tengu conjurers
  A white draconian skeleton (Crypt:3)
  2 meliai (shapeshifter)
  14 ancient zymes
  7 guardian mummies (Crypt:3)
  8 trolls
  3 hydra zombies
  2 red devils (Abyss:1)
  34 merfolk
  2 hellwings
  A tyrant leech (Abyss:1)
  2 hornets
  6 meliai
  A troll (shapeshifter) (D:15)
  A boulder beetle zombie (Crypt:3)
  Grinder (D:6)
  An alligator zombie (Hell)
  108 slime creatures
  A hydra skeleton (Abyss:3)
  A meliai zombie (D:11)
  15 wind drakes
  A raiju (shapeshifter) (Depths:5)
  13 raiju
  6 dream sheep
  43 blink frogs
  2 slime creatures (shapeshifter)
  2 ettin zombies
  11 snapping turtles
  A jumping spider zombie (Crypt:2)
  2 fire dragon zombies
  A deep troll zombie (Hell)
  3 redbacks (Vaults:3)
  A spriggan (Depths:3)
  3 ettin skeletons
  3 shadows
  A tarantella (Vaults:3)
  A vampire (Abyss:1)
  34 water elementals
  5 ynoxinuls
  2 alligator skeletons
  7 air elementals
  3 basilisks
  5 fire elementals
  8 wyverns
  21 yaks
  25 wraiths
  4 golden eyes (Slime:5)
  2 ushabtiu (Crypt:3)
  Eustachio (D:5)
  8 vampire mosquitoes
  A hog (D:13)
  3 chaos spawn
  9 neqoxecs
  A steam dragon (Lair:6)
  32 nagas
  Menkaure (D:5)
  An acid dragon (D:14)
  A gelid demonspawn zombie (Crypt:2)
  12 water moccasins
  Duvessa (D:6)
  2 spectral snapping turtles (Shoals:2)
  A merfolk skeleton (Crypt:1)
  15 hell hounds
  2 ice beasts
  A floating eye (Depths:5)
  A hydra simulacrum (Hell)
  35 large abominations
  5 black bears
  18 orc warriors
  4 sky beasts
  A manticore zombie (Crypt:2)
  2 necrophages
  25 ogres
  4 boggarts (Vaults:1)
  7 centaurs
  A torpor snail zombie (Crypt:3)
  5 wolves (Lair:3)
  4 human zombies
  A draconian zombie (Crypt:3)
  11 bullfrogs
  26 small abominations
  A kobold brigand (D:9)
  A scorpion (D:5)
  4 earth elementals
  11 gnoll sergeants
  Dowan (D:6)
  A cyclops zombie (Crypt:1)
  2 water moccasin zombies
  20 killer bees
  5 lindwurm simulacra (IceCv)
  4 electric eels
  4 wights (Abyss:3)
  6 centaur zombies
  5 crimson imps
  5 lava snakes (Lair:6)
  4 quasits
  A bullfrog zombie (D:5)
  5 komodo dragon simulacra (IceCv)
  3 hounds
  9 jellies
  10 orc priests
  5 centaur skeletons
  5 iron imps
  Crazy Yiuf (D:2)
  2 iguanas
  A basilisk skeleton (Crypt:2)
  7 gnoll shamans
  9 hell rats
  Natasha (thrice) (D:2)
  14 orc wizards
  A hound zombie (D:5)
  A human simulacrum (D:9)
  7 mummies (Crypt:3)
  Robin (D:3)
  27 gnolls
  6 acid dragon simulacra (IceCv)
  8 adders
  14 white imps
  9 ufetubi
  5 steam dragon simulacra (IceCv)
  2 worms
  3 dart slugs
  65 orcs
  16 ball pythons
  10 bats
  10 endoplasms
  5 giant cockroaches
  14 goblins
  11 hobgoblins
  2 jackals (D:2)
  2 quokkas
  A ball python skeleton (Crypt:3)
  A frilled lizard (D:2)
  A gnoll skeleton (Crypt:3)
  A goblin skeleton (Crypt:3)
  11 kobolds
  A kobold skeleton (Crypt:2)
  6 rats
  2 lurking horrors
  11 starspawn tentacles
  6 tentacles
2686 creatures vanquished.

Vanquished Creatures (collateral kills)
  A water moccasin (D:9)
  An ice beast (D:4)
  A scorpion (D:4)
3 creatures vanquished.

Vanquished Creatures (others)
  A lich (Depths:1)
  An ancient champion (Crypt:3)
  A vault warden (Vaults:2)
  A frost giant (Depths:1)
  A naga warrior (Snake:4)
  A vampire mage (Depths:3)
  A deep elf knight (Elf:2)
  A wizard (Vaults:4)
  A bog body (Crypt:3)
  A deep elf zephyrmancer (Elf:3)
  An ugly thing (Vaults:2)
  4 humans (D:13)
  A chaos spawn (Depths:1)
  An ogre (Vaults:5)
  A small abomination (Abyss:1)
  A human simulacrum (D:9)
  2 orcs
  8 foxfires (Abyss:1)
  32 fungi
  3 lurking horrors (Abyss:1)
  82 plants
  34 starspawn tentacles
  9 tentacles
  5 toadstools (D:10)
  A withered plant (D:12)
195 creatures vanquished.

Grand Total: 2884 creatures vanquished

Notes
Turn   | Place    | Note
-------+----------+-------------------------------------------
     0 | D:1      | Arum the Formicid Fighter began the quest for the Orb.
     0 | D:1      | Reached XP level 1. HP: 18/18 MP: 1/1
   183 | D:1      | Reached XP level 2. HP: 11/24 MP: 2/2
   524 | D:1      | Reached XP level 3. HP: 30/30 MP: 3/3
  1233 | D:2      | Noticed Natasha
  1241 | D:2      | Killed Natasha
  1242 | D:2      | Reached skill level 4 in Fighting
  1242 | D:2      | Reached XP level 4. HP: 24/37 MP: 4/4
  1492 | D:2      | Found an iron altar of Okawaru.
  1500 | D:2      | Became a worshipper of Warmaster Okawaru
  1724 | D:2      | Reached XP level 5. HP: 22/43 MP: 5/5
  1878 | D:2      | Got the Volume of Evil and the Voyage
  2039 | D:2      | Found a faded altar of an unknown god.
  2331 | D:2      | Found a runed translucent door.
  2332 | D:2      | Noticed Crazy Yiuf
  2341 | D:2      | Killed Crazy Yiuf
  3536 | D:2      | Noticed Natasha
  3543 | D:2      | Killed Natasha
  3544 | D:2      | Reached skill level 5 in Shields
  3548 | D:2      | Noticed Natasha
  3555 | D:2      | Killed Natasha
  3556 | D:2      | Reached XP level 6. HP: 39/50 MP: 6/6
  3646 | D:3      | Noticed Robin
  3687 | D:3      | Killed Robin
  3800 | D:3      | You fall into a shaft and drop 2 floors!
  3800 | D:5      | Entered Level 5 of the Dungeon
  3853 | D:4      | Found a broken altar of Ashenzari.
  3855 | D:4      | Found a sparkling altar of Nemelex Xobeh.
  3856 | D:4      | Found an iron altar of Okawaru.
  3856 | D:4      | Found a blossoming altar of Fedhas.
  3856 | D:4      | Found a shimmering blue altar of Sif Muna.
  3857 | D:4      | Found a sacrificial altar of Ru.
  3858 | D:4      | Found an ancient bone altar of Kikubaaqudgha.
  3876 | D:4      | Reached skill level 5 in Fighting
  4089 | D:4      | Noticed an ice beast
  4094 | D:4      | Killed an ice beast
  4094 | D:4      | Reached * piety under Okawaru
  4097 | D:4      | Reached XP level 7. HP: 56/56 MP: 7/7
  4266 | D:4      | Found a staircase to the Ecumenical Temple.
  4728 | D:3      | Found an opulent altar of Gozag.
  4930 | D:3      | Found a hazy altar of Hepliaklqana.
  5344 | D:5      | Reached skill level 6 in Fighting
  5541 | D:5      | Reached skill level 5 in Staves
  5635 | D:5      | Reached XP level 8. HP: 63/64 MP: 8/8
  5697 | D:5      | Reached ** piety under Okawaru
  5839 | D:5      | Noticed Eustachio
  5869 | D:5      | Killed Eustachio
  6073 | D:5      | Found a one-way gate to the infinite horrors of the Abyss.
  6075 | D:5      | Noticed vvlvvlvvl's ghost (novice DrTm)
  6095 | D:5      | Found a transporter.
  6107 | D:5      | Found a transporter.
  6232 | D:5      | Noticed Menkaure
  6237 | D:5      | Killed Menkaure
  6407 | D:5      | Reached skill level 7 in Fighting
  6801 | D:6      | Reached XP level 9. HP: 68/72 MP: 9/9
  6930 | D:6      | Noticed Duvessa
  6932 | D:6      | Noticed Dowan
  6944 | D:6      | Killed Duvessa
  6944 | D:6      | Reached *** piety under Okawaru
  6956 | D:6      | Killed Dowan
  6991 | D:6      | Reached skill level 8 in Fighting
  6992 | D:6      | Noticed Grinder
  6999 | D:6      | Killed Grinder
  7970 | D:7      | You fall into a shaft and drop 2 floors!
  8035 | D:9      | Reached **** piety under Okawaru
  8060 | D:9      | Reached skill level 9 in Fighting
  8060 | D:9      | Reached XP level 10. HP: 62/83 MP: 10/10
  8077 | D:9      | Found a runed translucent door.
  8077 | D:9      | Noticed Deranged's ghost (novice GrBe)
  8114 | D:9      | Reached skill level 5 in Armour
  8384 | D:9      | Found a flagged portal.
  8391 | D:9      | Identified the +5 spear "Conservator" {pain, rN++}
  8398 | Bailey   | Entered a bailey
  8879 | Bailey   | Reached skill level 1 in Polearms
  9060 | Bailey   | HP: 1/83 [gnoll sergeant (15)]
  9692 | Bailey   | Reached skill level 1 in Invocations
 10528 | D:8      | Found a staircase to the Lair.
 10759 | D:8      | Reached skill level 10 in Fighting
 11408 | D:7      | Noticed Joseph
 11419 | D:7      | Killed Joseph
 11420 | D:7      | Reached XP level 11. HP: 80/91 MP: 10/13
 12079 | D:10     | Entered Level 10 of the Dungeon
 12142 | D:10     | Reached ***** piety under Okawaru
 12205 | D:10     | Found a staircase to the Orcish Mines.
 12207 | D:10     | Found Deihob's Weapon Emporium.
 12450 | D:10     | Noticed Fannar
 12462 | D:10     | Killed Fannar
 12462 | D:10     | Received a gift from Okawaru
 12463 | D:10     | Reached skill level 11 in Fighting
 12463 | D:10     | Reached skill level 10 in Staves
 13116 | D:10     | Noticed a deep elf pyromancer
 13139 | D:10     | Killed a deep elf pyromancer
 13599 | D:11     | Found Toseos's Demolitions Depot.
 13671 | D:11     | Found a runed translucent gate.
 13673 | D:11     | Found an opulent altar of Gozag.
 13675 | D:11     | Found a runed translucent gate.
 13675 | D:11     | Found a runed translucent gate.
 13675 | D:11     | Noticed a purple ugly thing
 13675 | D:11     | Noticed LLlMATKO's ghost (journeyman MiBe)
 13676 | D:11     | Found Beixet's Assorted Antiques.
 13702 | D:11     | Noticed a glowing shapeshifter
 13702 | D:11     | a centaur changed into a glowing shapeshifter
 13702 | D:11     | Noticed an elephant
 13702 | D:11     | a glowing shapeshifter changed into an elephant
 13705 | D:11     | Noticed a glowing shapeshifter
 13705 | D:11     | an elephant changed into a glowing shapeshifter
 13705 | D:11     | a glowing shapeshifter changed into a torpor snail
 13884 | D:11     | Found Vogusyti's Antique Weapon Boutique.
 14034 | D:11     | Noticed Erica
 14043 | D:11     | Killed Erica
 14043 | D:11     | Identified the +1 chain mail of Resourcefulness {Regen+}
                  | (Okawaru gifted it to you on level 11 of the Dungeon)
 14043 | D:11     | Received a gift from Okawaru
 14044 | D:11     | Reached XP level 12. HP: 48/101 MP: 14/14
 14634 | D:12     | Found an ancient bone altar of Kikubaaqudgha.
 14678 | D:12     | Noticed Josephine
 14679 | D:12     | Reached skill level 12 in Fighting
 14704 | D:12     | Killed Josephine
 14705 | D:12     | Reached skill level 10 in Armour
 14718 | D:12     | Noticed Gastronok
 14727 | D:12     | Killed Gastronok
 15011 | D:12     | Noticed Erolcha
 15032 | D:12     | Killed Erolcha
 15037 | D:12     | Identified 3 scrolls of acquirement
 15037 | D:12     | Acquired the amulet of the Rose {Fly rN+ Regen+ Str+4}
 15047 | D:12     | Acquired the ring "Wiowuck" {rElec rPois Str+2 Dex+6}
 15051 | D:12     | Acquired 964 gold pieces
 15158 | D:12     | Reached XP level 13. HP: 97/109 MP: 15/15
 15249 | D:12     | Reached ****** piety under Okawaru
 15250 | D:12     | Reached skill level 13 in Fighting
 15512 | D:11     | Killed LLlMATKO's ghost
 15535 | D:11     | Bought a scroll labelled CIFOETOICI for 26 gold pieces
 15535 | D:11     | Bought a scroll of identify for 52 gold pieces
 15535 | D:11     | Bought a runed tower shield for 195 gold pieces
 15820 | D:13     | Noticed Azrael
 15852 | D:13     | Noticed Rupert
 15872 | D:12     | Killed Rupert
 15872 | D:12     | Received a gift from Okawaru
 15872 | D:12     | Identified the +1 scale mail of the Pink Corner {Dex+2}
                  | (Okawaru gifted it to you on level 12 of the Dungeon)
 15872 | D:12     | Received a gift from Okawaru
 16029 | D:13     | Killed Azrael
 16030 | D:13     | Reached skill level 5 in Invocations
 16192 | D:13     | Noticed a seven-headed hydra
 16215 | D:13     | Killed a seven-headed hydra
 16307 | D:13     | Noticed an eight-headed hydra
 16316 | D:13     | Killed an eight-headed hydra
 16319 | D:13     | Noticed a sphinx
 16326 | D:13     | Killed a sphinx
 16342 | D:13     | Noticed a four-headed hydra
 16352 | D:13     | Killed a four-headed hydra
 16452 | D:13     | Noticed a centaur warrior
 16465 | D:13     | Killed a centaur warrior
 16539 | D:13     | Reached skill level 14 in Fighting
 16539 | D:13     | Reached XP level 14. HP: 120/120 MP: 18/18
 16630 | D:13     | Noticed Kirke
 16651 | D:13     | Killed Kirke
 16981 | D:13     | Identified the +11 quarterstaff of Conformity {venom, rF+
                  | rN++ MP+9 Stlth-} (Okawaru gifted it to you on level 13 of
                  | the Dungeon)
 16981 | D:13     | Received a gift from Okawaru
 17282 | D:11     | Bought a manual of Evocations for 1200 gold pieces
 17470 | D:14     | Received a gift from Okawaru
 17771 | D:14     | Reached skill level 15 in Fighting
 17912 | D:14     | Noticed Nessos
 17917 | D:14     | Found a gate to the Vaults.
 17934 | D:14     | Reached XP level 15. HP: 77/129 MP: 20/20
 17947 | D:14     | Killed Nessos
 17947 | D:14     | Identified the +1 steam dragon scales of the Furies {Will++
                  | Int+2} (Okawaru gifted it to you on level 14 of the
                  | Dungeon)
 17947 | D:14     | Received a gift from Okawaru
 18658 | D:15     | Entered Level 15 of the Dungeon
 18752 | D:15     | Found a glowing golden altar of the Shining One.
 18962 | D:15     | Found a staircase to the Depths.
 19050 | D:15     | Identified the +11 battleaxe of Integrity {holy, Will+
                  | Str+5}
 19512 | D:9      | Killed Deranged's ghost
 19521 | D:9      | Got the Handbook of Venomous Stones
 19550 | Lair:1   | Entered Level 1 of the Lair of Beasts
 19916 | Lair:1   | Noticed Sonja
 19925 | Lair:1   | Killed Sonja
 19925 | Lair:1   | Noticed Harold
 19936 | Lair:1   | Killed Harold
 20607 | Lair:2   | Identified the +1 fustibalus "Asaiwid" {freeze, rPois rF+
                  | SInv Stlth+} (Okawaru gifted it to you on level 2 of the
                  | Lair of Beasts)
 20607 | Lair:2   | Received a gift from Okawaru
 20683 | Lair:2   | Reached skill level 16 in Fighting
 20759 | Lair:2   | Reached skill level 10 in Shields
 21040 | Lair:2   | Reached XP level 16. HP: 138/138 MP: 22/22
 21558 | Lair:3   | Found a runed translucent gate.
 21558 | Lair:3   | Found a runed translucent gate.
 21558 | Lair:3   | Found a runed translucent gate.
 21563 | Lair:3   | Noticed Feulaj's ghost (journeyman MiBe)
 21671 | Lair:3   | Found a viscous altar of Jiyva.
 21711 | Lair:3   | Killed Feulaj's ghost
 21724 | Lair:3   | Received a gift from Okawaru
 21791 | Lair:3   | Found a staircase to the Snake Pit.
 22206 | Lair:4   | Identified the +8 quarterstaff of Modesty {freeze, rElec
                  | rC+ Stlth+} (Okawaru gifted it to you on level 4 of the
                  | Lair of Beasts)
 22206 | Lair:4   | Received a gift from Okawaru
 22273 | Lair:4   | Reached skill level 15 in Armour
 22414 | Lair:4   | Found a staircase to the Shoals.
 22999 | Lair:5   | Identified the +3 lajatang "Demonbane" {vorpal, *Corrode
                  | rPois Dex+2} (Okawaru gifted it to you on level 5 of the
                  | Lair of Beasts)
 22999 | Lair:5   | Received a gift from Okawaru
 23017 | Lair:5   | Identified the +7 flail "Pizaev" {protect, Dex+6}
 23024 | Lair:5   | Found the +2 robe of Vines {NoPotionHeal Regen+++}
 23466 | Lair:5   | Found a frozen archway.
 23478 | IceCv    | Entered an ice cave
 23632 | IceCv    | Reached skill level 17 in Fighting
 23687 | IceCv    | Identified the ring of Novaul {+Blink rPois rC+ Int-4
                  | Dex-5}
 23903 | IceCv    | Received a gift from Okawaru
 23927 | IceCv    | Got the Papyrus of the Ashen Oath
 24322 | Lair:5   | Reached XP level 17. HP: 147/147 MP: 23/23
 24487 | Lair:6   | Entered Level 6 of the Lair of Beasts
 24661 | Lair:6   | Found a large runed translucent door.
 24661 | Lair:6   | Found a large runed translucent door.
 25109 | Lair:6   | Received a gift from Okawaru
 25439 | Lair:6   | Found a staircase to the Slime Pits.
 25844 | Orc:1    | Entered Level 1 of the Orcish Mines
 26061 | Orc:2    | Entered Level 2 of the Orcish Mines
 26142 | Orc:2    | Identified the +0 pair of boots of the Armoured One {Dex+2}
                  | (Okawaru gifted it to you on level 2 of the Orcish Mines)
 26142 | Orc:2    | Received a gift from Okawaru
 26339 | Orc:2    | Found a staircase to the Elven Halls.
 26360 | Orc:2    | Found Mahyisi's Assorted Antiques.
 26360 | Orc:2    | Found Utureiric's Armour Emporium.
 26360 | Orc:2    | Found Ewei's Weapon Shoppe.
 26360 | Orc:2    | Found Keivem's Weapon Boutique.
 26437 | Orc:2    | Bought a dented lapis lazuli amulet for 100 gold pieces
 26727 | Snake:1  | Entered Level 1 of the Snake Pit
 26727 | Snake:1  | Noticed Asterion
 26744 | Snake:1  | Killed Asterion
 26745 | Snake:1  | Reached skill level 18 in Fighting
 26815 | Snake:1  | Reached XP level 18. HP: 153/157 MP: 24/24
 26919 | Snake:1  | Received a gift from Okawaru
 27068 | Snake:1  | Acquired a manual of Staves
 27161 | Snake:1  | Reached skill level 15 in Staves
 27260 | Snake:1  | Found Muvvu's Book Shop.
 27260 | Snake:1  | Found Tasihasu's Jewellery Emporium.
 27261 | Snake:1  | Found Yshalek's Jewellery Emporium.
 27272 | Snake:1  | Bought a manual of Evocations for 1520 gold pieces
 27832 | Snake:2  | Acquired the +1 pair of gloves of the Thistle {rPois
                  | Regen+}
 28400 | Snake:3  | Received a gift from Okawaru
 28530 | Snake:3  | Noticed Mara
 28538 | Snake:3  | Noticed Arum's illusion
 28550 | Snake:3  | Killed Mara
 28551 | Snake:3  | Reached skill level 15 in Shields
 28614 | Snake:3  | Noticed Vashnia
 28655 | Snake:3  | Killed Vashnia
 28655 | Snake:3  | Identified the +6 triple crossbow "Udiosom" {freeze, rPois
                  | Str+3 Int+4 Stlth+} (Okawaru gifted it to you on level 3 of
                  | the Snake Pit)
 28655 | Snake:3  | Received a gift from Okawaru
 28828 | Snake:3  | Reached skill level 1 in Evocations
 29246 | Snake:3  | Reached XP level 19. HP: 164/165 MP: 25/25
 29293 | Snake:4  | Entered Level 4 of the Snake Pit
 29477 | Snake:4  | Identified the +4 double sword of Tomorrow {antimagic,
                  | Int+4 Dex+3} (Okawaru gifted it to you on level 4 of the
                  | Snake Pit)
 29477 | Snake:4  | Received a gift from Okawaru
 29526 | Snake:4  | Noticed Bai Suzhen
 29544 | Snake:4  | Killed Bai Suzhen
 29545 | Snake:4  | Reached skill level 19 in Fighting
 29545 | Snake:4  | Reached skill level 5 in Evocations
 29768 | Snake:4  | Identified the +2 kite shield "Jaigirei" {rElec Dex+4}
                  | (Okawaru gifted it to you on level 4 of the Snake Pit)
 29768 | Snake:4  | Received a gift from Okawaru
 30014 | Snake:4  | Got a serpentine rune of Zot
 30658 | Orc:2    | Bought a +0 lajatang for 270 gold pieces
 30885 | Shoals:1 | Entered Level 1 of the Shoals
 31004 | Shoals:1 | Noticed Nikola
 31051 | Shoals:1 | Killed Nikola
 31207 | Shoals:1 | Found a radiant altar of Vehumet.
 31270 | Shoals:1 | Found Ebraofep's Book Shoppe.
 31362 | Shoals:1 | Received a gift from Okawaru
 31363 | Shoals:1 | Reached skill level 1 in Dodging
 31667 | Shoals:1 | Reached XP level 20. HP: 174/174 MP: 26/26
 31997 | Shoals:2 | Reached skill level 10 in Evocations
 32052 | Shoals:2 | Found a transporter.
 32054 | Shoals:2 | Found a transporter.
 32056 | Shoals:2 | Noticed Ullipcorian's ghost (adept HOFi)
 33285 | Shoals:3 | Noticed Jorgrun
 33296 | Shoals:3 | Killed Jorgrun
 33689 | Shoals:4 | Entered Level 4 of the Shoals
 33689 | Shoals:4 | Found a shadowy altar of Dithmenos.
 33710 | Shoals:4 | Identified the +3 quarterstaff of Might {drain, *Corrode
                  | +Rage rF+ Str+7} (Okawaru gifted it to you on level 4 of
                  | the Shoals)
 33710 | Shoals:4 | Received a gift from Okawaru
 33900 | Shoals:4 | Got a barnacled rune of Zot
 33918 | Shoals:4 | Identified the +8 broad axe of Conflict {holy, Dex+2}
 33918 | Shoals:4 | Identified the ring "Buikh" {rC+ Dex+6}
 34027 | Shoals:4 | Found a blossoming altar of Fedhas.
 34109 | Shoals:4 | Reached skill level 20 in Fighting
 34222 | Shoals:4 | Received a gift from Okawaru
 34279 | Shoals:4 | Found a blossoming altar of Fedhas.
 34295 | Shoals:4 | Reached skill level 5 in Dodging
 34405 | Shoals:4 | Reached XP level 21. HP: 110/183 MP: 27/27
 34864 | Shoals:2 | Killed Ullipcorian's ghost
 34879 | Shoals:2 | Identified the ring "Caf Iqoc" {*Slow AC+4 Str+3 Int+4}
 34882 | Shoals:2 | Identified the ring "Faaf" {Ice rElec}
 34922 | Shoals:2 | Identified the +4 scale mail of the Wary Ziggurats {rN++
                  | MP+9 Int+4 Dex-3}
 35139 | Vaults:1 | Entered Level 1 of the Vaults
 35518 | Vaults:1 | Received a gift from Okawaru
 36129 | Vaults:1 | Received a gift from Okawaru
 36709 | Vaults:2 | Received a gift from Okawaru
 36712 | Vaults:2 | Noticed Saint Roka
 36759 | Vaults:2 | Killed Saint Roka
 36767 | Vaults:2 | Reached XP level 22. HP: 114/192 MP: 28/28
 36798 | Vaults:2 | Reached skill level 15 in Evocations
 37068 | Vaults:2 | Found a staircase to the Crypt.
 37069 | Vaults:2 | You are sucked into a shaft and drop 2 floors!
 37255 | Vaults:4 | Reached skill level 21 in Fighting
 37866 | Vaults:4 | Noticed Xtahua
 37880 | Vaults:4 | Killed Xtahua
 38623 | Vaults:3 | Identified the +10 quarterstaff of Trauma {drain, Int+2}
                  | (Okawaru gifted it to you on level 3 of the Vaults)
 38623 | Vaults:3 | Received a gift from Okawaru
 38743 | Vaults:3 | Acquired the ring "Uzalevua" {rElec rPois Int+5 Dex+2}
 39106 | Vaults:3 | Received a gift from Okawaru
 39107 | Vaults:3 | Reached XP level 23. HP: 145/201 MP: 29/29
 39183 | Vaults:3 | Reached skill level 10 in Dodging
 39525 | Vaults:3 | Found the +18 shield of the Gong {rElec rN+ Will+ EV-5}
 39687 | Vaults:3 | Received a gift from Okawaru
 39854 | Vaults:3 | Found Dyhecag's Magic Scroll Boutique.
 39859 | Vaults:3 | Bought a scroll of enchant armour for 135 gold pieces
 39859 | Vaults:3 | Bought 2 scrolls of brand weapon for 720 gold pieces
 40467 | Vaults:2 | Reached skill level 22 in Fighting
 41071 | Elf:1    | Entered Level 1 of the Elven Halls
 41076 | Elf:1    | Noticed Louise
 41107 | Elf:1    | Killed Louise
 41350 | Elf:1    | Found Jifuw's Assorted Antiques.
 41350 | Elf:1    | Found Caguaro's Weapon Emporium.
 41354 | Elf:1    | Bought a potion of mutation for 232 gold pieces
 41354 | Elf:1    | Bought a potion of curing for 87 gold pieces
 41354 | Elf:1    | Bought a ring of willpower for 725 gold pieces
 41426 | Elf:1    | Found a magical portal.
 41440 | WizLab   | Entered Wucad Mu's Monastery
 41659 | WizLab   | Found the +9 staff of Wucad Mu {*channel}
 41839 | WizLab   | Reached skill level 23 in Fighting
 41839 | WizLab   | Reached XP level 24. HP: 214/214 MP: 29/29
 42113 | Elf:1    | Noticed Roxanne
 42139 | Elf:1    | Killed Roxanne
 42323 | Elf:1    | Got the Guide on Attacks
 42613 | Elf:2    | Found Piodeiwy's Distillery.
 42621 | Elf:2    | Bought a potion of might for 68 gold pieces
 42621 | Elf:2    | Bought a potion of heal wounds for 85 gold pieces
 42730 | Elf:2    | Received a gift from Okawaru
 42950 | Elf:2    | Reached skill level 24 in Fighting
 42950 | Elf:2    | Reached XP level 25. HP: 223/223 MP: 29/29
 43008 | Elf:2    | Found a runed translucent gate.
 43008 | Elf:2    | Found a runed translucent gate.
 43010 | Elf:2    | Found a runed translucent gate.
 43103 | Elf:2    | Reached XP level 26. HP: 231/231 MP: 29/29
 43764 | Elf:3    | Entered Level 3 of the Elven Halls
 43992 | Elf:3    | Got the Incunabulum of Snow
 44200 | Elf:3    | Identified the +6 dire flail "Killer Bee's Bane" {protect,
                  | *Rage +Rage Int+9 Stlth+}
 44236 | Elf:3    | Received a gift from Okawaru
 44315 | Elf:3    | Identified the +5 hand axe "Gejiuhi" {pain, rF+ Dex+4}
 44372 | Elf:3    | Reached skill level 25 in Fighting
 44581 | Elf:3    | Found the +1 cloak of Starlight {*Dazzle EV+4 Stlth--}
 44584 | Elf:3    | Identified the +8 hunting sling of Truncation {venom, Fly}
 44591 | Elf:3    | Got the Handbook of Attacks and Air
 44617 | Elf:3    | Identified the +12 ice dragon scales of an ossuary {rF-
                  | rC++ Will+ Str+4 Slay+5}
 44679 | Elf:3    | Identified the ring "Guluedgh" {Will+ Dex+4}
 44701 | Elf:3    | Identified the +7 quarterstaff of Zaipnosu {vorpal, rC+}
 44717 | Elf:3    | Identified the ring of Spite {rPois rCorr Str+2 Slay+2}
 45128 | Elf:3    | Found a runed translucent gate.
 45129 | Elf:3    | Found a runed translucent gate.
 45130 | Elf:3    | Found a runed translucent gate.
 45606 | D:5      | Killed vvlvvlvvl's ghost
 46109 | Depths:1 | Entered Level 1 of the Depths
 46124 | Depths:1 | Received a gift from Okawaru
 46156 | Depths:1 | Gained mutation: You occasionally shout uncontrollably at
                  | your foes. [a cacodemon]
 46178 | Depths:1 | Reached XP level 27. HP: 184/242 MP: 29/29
 46516 | Depths:1 | Found a one-way gate leading to the halls of Pandemonium.
 46574 | Depths:1 | Found a gateway to Hell.
 46615 | Depths:1 | Identified the +9 hand axe of the Lusting Seer {spect, rN+
                  | Dex+3}
 46860 | Depths:1 | Found a gateway to a ziggurat.
 47260 | Depths:1 | Received a gift from Okawaru
 47713 | Depths:2 | Acquired 805 gold pieces
 47982 | Depths:2 | Found a runed translucent door.
 47985 | Depths:2 | Identified the +7 trident "Impslayer" {drain, rC++ Str-4
                  | Int+3}
 47988 | Depths:2 | Found a runed translucent door.
 47991 | Depths:2 | Noticed a juggernaut
 48104 | Depths:2 | Killed a juggernaut
 48112 | Depths:2 | Reached skill level 26 in Fighting
 48638 | Depths:3 | Noticed a dread lich
 48648 | Depths:3 | Killed a dread lich
 48648 | Depths:3 | Received a gift from Okawaru
 48662 | Depths:3 | Noticed Mennas
 48671 | Depths:3 | Reached skill level 15 in Dodging
 48712 | Depths:3 | Killed Mennas
 48784 | Depths:3 | Found Lahaso's Magic Scroll Emporium.
 48790 | Depths:3 | Found a portal to a secret trove of treasure.
 48852 | Depths:3 | Bought 3 scrolls of holy word for 540 gold pieces
 48852 | Depths:3 | Bought a scroll of enchant armour for 180 gold pieces
 48852 | Depths:3 | Bought a scroll of enchant armour for 180 gold pieces
 48852 | Depths:3 | Bought a scroll of magic mapping for 84 gold pieces
 48900 | Depths:3 | Found Loraxt's Jewellery Shoppe.
 48962 | Depths:3 | Found Bumuhew's Jewellery Emporium.
 48966 | Depths:3 | Found Barghokoy's Book Boutique.
 49134 | Depths:3 | Found the +6 Majin-Bo {vamp, MP+6 Int+6}
 50245 | Depths:4 | Noticed Jory
 50261 | Depths:4 | Killed Jory
 50402 | Depths:5 | Entered Level 5 of the Depths
 50492 | Depths:5 | Identified the +10 glaive "Walleure" {venom, rF+ Str+5}
                  | (Okawaru gifted it to you on level 5 of the Depths)
 50492 | Depths:5 | Received a gift from Okawaru
 50661 | Depths:5 | Found a gate to the Realm of Zot.
 50839 | Depths:5 | Identified the +0 pair of gloves of Beyxeop {Will+ Regen+
                  | Int+2 Stlth+} (Okawaru gifted it to you on level 5 of the
                  | Depths)
 50839 | Depths:5 | Received a gift from Okawaru
 51184 | Depths:5 | Reached skill level 27 in Fighting
 51217 | Depths:5 | Found a snail-covered altar of Cheibriados.
 51293 | Depths:5 | Found a blossoming altar of Fedhas.
 52058 | Snake:1  | Bought the ring "Tynlisoa" {rPois rF+++ Will-} for 809 gold
                  | pieces
 52439 | Vaults:5 | Entered Level 5 of the Vaults
 52475 | Vaults:5 | Noticed an ancient lich
 52487 | Vaults:5 | Killed an ancient lich
 52616 | Vaults:5 | Identified the +0 scale mail "Tolext" {Stlth+} (Okawaru
                  | gifted it to you on level 5 of the Vaults)
 52616 | Vaults:5 | Received a gift from Okawaru
 52678 | Vaults:5 | Noticed an ancient lich
 52688 | Vaults:5 | Killed an ancient lich
 52832 | Vaults:5 | Noticed an ancient lich
 52847 | Vaults:5 | Killed an ancient lich
 52922 | Vaults:5 | Found Luinkeeq's Distillery.
 52926 | Vaults:5 | Bought a potion of mutation for 152 gold pieces
 52926 | Vaults:5 | Bought a potion of cancellation for 152 gold pieces
 52926 | Vaults:5 | Bought a potion of cancellation for 152 gold pieces
 52926 | Vaults:5 | Bought a potion of mutation for 152 gold pieces
 52926 | Vaults:5 | Bought a potion of heal wounds for 95 gold pieces
 52926 | Vaults:5 | Bought a potion of mutation for 152 gold pieces
 52926 | Vaults:5 | Bought a potion of heal wounds for 95 gold pieces
 52926 | Vaults:5 | Bought a potion of curing for 57 gold pieces
 52926 | Vaults:5 | Bought a potion of curing for 57 gold pieces
 52933 | Vaults:5 | Found Siom's Magic Scroll Shop.
 52933 | Vaults:5 | Found Pasicwo's Distillery.
 52938 | Vaults:5 | Bought a scroll of enchant weapon for 142 gold pieces
 52959 | Vaults:5 | Found Mustua's Assorted Antiques.
 52959 | Vaults:5 | Found Guedixel's Magic Scroll Shoppe.
 53068 | Vaults:5 | Identified the ring of Honesty {Wiz rC+ Str+5}
 53154 | Vaults:5 | Identified the +10 battleaxe of Doom {vorpal, rElec rN+}
 53156 | Vaults:5 | Identified the +1 plate armour "Suumy" {Int+3}
 53200 | Vaults:5 | Identified the +9 scimitar of the Snake Pit {freeze, rElec
                  | rF+ rN+}
 53204 | Vaults:5 | Got the Compendium of the Warped Birds
 53276 | Vaults:5 | Identified the +2 robe "Jyronoant" {MP+9 Str+4 Slay+2}
 53365 | Vaults:5 | Noticed an ancient lich
 53386 | Vaults:5 | Killed an ancient lich
 53403 | Vaults:5 | Identified the +5 ice dragon scales of Haunted Salvation
                  | {rF- rC++ rN+ Dex+3}
 53403 | Vaults:5 | Identified the ring of Naxyrer {rC+ rCorr}
 53412 | Vaults:5 | Received a gift from Okawaru
 53482 | Vaults:5 | Got the Catalogue of Intoxication and the Compass
 53484 | Vaults:5 | Got a silver rune of Zot
 53488 | Vaults:5 | Got the Catalogue of the Birds
 53611 | Vaults:5 | Found Tebras's Distillery.
 53658 | Vaults:5 | Found Laiwkata's Magic Scroll Emporium.
 53663 | Vaults:5 | Bought a scroll of acquirement for 936 gold pieces
 53672 | Vaults:5 | Acquired a manual of Throwing
 54131 | Hell     | Entered the Vestibule of Hell
 54131 | Hell     | Noticed Geryon
 54145 | Hell     | Killed Geryon
 54146 | Hell     | Reached skill level 1 in Throwing
 54179 | Hell     | Received a gift from Okawaru
 54405 | Hell     | Found a gateway to the Iron City of Dis.
 54444 | Hell     | Found a gateway to the decaying netherworld of Tartarus.
 54495 | Hell     | Found a gateway to the freezing wastes of Cocytus.
 54568 | Hell     | Found a gateway to the ashen valley of Gehenna.
 54966 | Slime:1  | Entered Level 1 of the Pits of Slime
 54985 | Slime:1  | Reached skill level 5 in Throwing
 55587 | Slime:5  | Entered Level 5 of the Pits of Slime
 55639 | Slime:5  | Noticed the Royal Jelly
 55678 | Slime:5  | Received a gift from Okawaru
 55684 | Slime:5  | Killed the Royal Jelly
 55694 | Slime:5  | Found the +7 great mace "Undeadhunter" {disrupt, rN+}
 55707 | Slime:5  | Gained mutation: You frequently scream uncontrollably at
                  | your foes. [a shining eye]
 55741 | Slime:5  | Found the +3 salamander hide armour {Flames rF++ rC--}
 55765 | Slime:5  | Got a slimy rune of Zot
 55803 | Slime:5  | Identified the +6 trident "Orb Guardian's Curse"
                  | {antimagic, Str+4}
 55826 | Slime:5  | Identified the ring of Guzorhib {rF++ rC+ SInv}
 56563 | Crypt:1  | Entered Level 1 of the Crypt
 56604 | Crypt:1  | Reached skill level 1 in Maces & Flails
 56752 | Crypt:1  | Reached skill level 10 in Throwing
 57214 | Crypt:2  | Received a gift from Okawaru
 57751 | Crypt:3  | Entered Level 3 of the Crypt
 57828 | Crypt:3  | Reached skill level 5 in Maces & Flails
 58425 | Crypt:3  | Found a staircase to the Tomb.
 58513 | Crypt:3  | Found a basalt altar of Yredelemnul.
 58516 | Crypt:3  | Found an ancient bone altar of Kikubaaqudgha.
 58519 | Crypt:3  | Got Kikubaaqudgha's Volume of Darkness
 58533 | Crypt:3  | Identified the +4 halberd "Kuved" {elec, rElec Will- Int+8}
 58567 | Crypt:3  | Identified the amulet "Tosunays" {rElec rPois rF- rC+
                  | Regen+}
 58928 | Depths:2 | Voluntarily entered the Abyss.
 59150 | Abyss:1  | Received a gift from Okawaru
 59152 | Abyss:1  | Gained mutation: You are dopey. (Int -2) [a neqoxec]
 59367 | Depths:2 | Escaped the Abyss
 59769 | Depths:2 | Lost mutation: You are dopey. (Int -2) [potion of mutation]
 59769 | Depths:2 | Lost mutation: You frequently scream uncontrollably at your
                  | foes. [potion of mutation]
 59872 | Depths:2 | Voluntarily entered the Abyss.
 60118 | Abyss:1  | Received a gift from Okawaru
 60967 | Depths:2 | Escaped the Abyss
 61165 | D:15     | Fell from the grace of Okawaru
 61165 | D:15     | Became a worshipper of the Shining One
 61257 | Depths:2 | Voluntarily entered the Abyss.
 61340 | Abyss:1  | Found a corrupted altar of Lugonu.
 61350 | Abyss:1  | Reached skill level 10 in Invocations
 61359 | Abyss:1  | Reached * piety under the Shining One
 61417 | Abyss:1  | Reached ** piety under the Shining One
 61577 | Abyss:1  | Reached *** piety under the Shining One
 61672 | Abyss:1  | Reached **** piety under the Shining One
 61856 | Abyss:1  | Reached ***** piety under the Shining One
 61937 | Abyss:1  | Reached skill level 10 in Maces & Flails
 62111 | Abyss:3  | Found a corrupted altar of Lugonu.
 62128 | Abyss:3  | Found a transporter.
 62130 | Abyss:3  | Found a corrupted altar of Lugonu.
 62134 | Abyss:3  | Found a transporter.
 62168 | Abyss:3  | Killed from afar by a starcursed mass

Illustrated notes

Levels and vault maps discovered:
D:1:      evilmike_arrival_plus, layout_basic, minmay_split_cup_small
D:2:      layout_loops_corners, basic_altar, dilly_ecumenical_altar_fadedgnrine,
          minmay_misc_feat_doors, minmay_pentomino_pile, uniq_natasha,
          uniq_crazy_yiuf_cottage
D:3:      cheibrodos_helix_gallery, layout_basic, grunt_gozag_statues,
          mainiacjoe_overflow_cross_hatched, uniq_robin
D:4:      layout_cave_pods, grunt_temple_overflow_open, minmay_temple_entry_hall
D:5:      layout_basic, gammafunk_ghost_abyssal_escape, uniq_menkaure,
          uniq_eustachio
D:6:      layout_loops_ring, uniq_duvessa, uniq_grinder
D:7:      layout_gridville, uniq_joseph
D:8:      layout_cave_pools, lair_entry_dummy
D:9:      layout_loops_ring, ebering_ghost_reflecting_pool, enter_bailey_2,
          bh_circular_ruins
D:10:     layout_irregular_city, orc_david_3, minmay_gold_behind_fungi,
          minmay_misc_feat_room, water_maze_lemuel, uniq_fannar
D:11:     layout_roguey, ebering_ghost_gozag, serial_shops, shop_fountains,
          amcnicky_mini_rare_corridor_liquid, nicolae_blasting_shop,
          corexii_checkpoint_b, uniq_erica
D:12:     layout_loops_ring, kiku_gazebo_garden_becter, uniq_gastronok,
          uniq_josephine, uniq_erolcha
D:13:     nzn_winding_woodlands_stair_cross [nzn_winding_woodlands_5x15_jagged,
          nzn_winding_woodlands_center_pierced_h,
          nzn_winding_woodlands_5x15_garden, nzn_winding_woodlands_hourglass,
          nzn_winding_woodlands_5x5_three, nzn_winding_woodlands_5x15_cabin,
          nzn_winding_woodlands_center_diamonds,
          nzn_winding_woodlands_5x15_concentric], layout_irregular_city,
          eino_small_chamber_without_monster, uniq_rupert, uniq_kirke,
          uniq_azrael
D:14:     minmay_isolated_rectangles_in_corner, layout_irregular_city,
          david_vaults_5, nicolae_water_bricks, uniq_nessos
D:15:     hangedman_depths_entry_try_elsewhere_first, layout_cave_pools,
          tso_metal_star, minivault_7
Lair:1:   layout_small_grid, serial_bayou_shore_a, infiniplex_staircase_pool,
          grunt_megastairs_3, uniq_harold, uniq_sonja
Lair:2:   layout_long_grid, special_room, infiniplex_staircase_pool_2,
          lemuel_fruit_tree, grunt_megastairs_5
Lair:3:   layout_loops_ring, dummy_snake_entry, gammafunk_ghost_ooze,
          grunt_megastairs_1
Lair:4:   layout_roguey, elwin_shoals_entry_stream
Lair:5:   layout_long_grid, portal_ice_cave_demonic_guard, st_stairs_5,
          chequers_serial_rivers_room_b, hellmonk_guarded_unrand_vines
Lair:6:   cheibrodos_lair_end_hotspot, layout_loops_ring,
          nicolae_slime_entry_slimehenge
Shoals:1: cheibrodos_shoals_gigantism, layout_shoals, serial_shops,
          nicolae_shop_trees, wheals_shoals_ruined_temple, uniq_nikola
Shoals:2: cheibrodos_shoals_satyrical_garden, layout_shoals,
          ebering_ghost_davey_jones
Shoals:3: layout_shoals, nicolae_shoals_this_corrosion, uniq_jorgrun
Shoals:4: shoals_end_hellmonk_storm_palace [storm_palace_center_ruins,
          storm_palace_corner_altar, storm_palace_corner_pillars,
          storm_palace_corner_altar, storm_palace_corner_altar]
Snake:1:  layout_onion, grunt_megastairs_4, minmay_shop_grove, uniq_asterion
Snake:2:  layout_cave_pods
Snake:3:  layout_misc_corridors, uniq_mara, uniq_vashnia
Snake:4:  grunt_snake_rune_serpentine_throne, layout_cave_town, uniq_bai_suzhen
Slime:1:  layout_caves, nicolae_slime_phagocytosis
Slime:2:  layout_caves, basic_altar
Slime:3:  layout_caves
Slime:4:  layout_caves
Slime:5
Orc:1:    layout_caves
Orc:2:    st_orc_ogre_mass, layout_caves
Elf:1:    elf_arrival_001, layout_geoelf_diagonals, mu_enter_wizlab_5,
          minmay_elf_sorcery, minivault_16, minmay_shop_star, uniq_roxanne,
          uniq_louise
Elf:2:    elven_hall_of_blades_hangedman_original
          [nicolae_vaults_blade_armed_guards], layout_onion_city, serial_shops,
          nicolae_stop_n_shop_2, minivault_16
Elf:3:    minmay_elf_hall_hex, layout_loops_corners, nicolae_elf_hall_of_bonks
Vaults:1: nicolae_vaults_ninety_degrees, nicolae_vaults_sealed_display,
          nicolae_vaults_twisting_passages, vaults_room_corners, v_misc_1,
          ontoclasm_vaults_loading_screen, layout_vaults_omnicross
Vaults:2: nicolae_vaults_puzzle_piece, ontoclasm_vaults_decontamination,
          vaults_mumra_chevron_long, v_pattern_2, hangedman_vaults_stitches,
          vaults_room_grid, vaults_mumra_hex, minmay_crypt_entry_simple_statues,
          vaults_room_stairs_pillars, nicolae_vaults_shelves_hall,
          vaults_room_grunt_arrival_ludios, hangedman_vaults_variations,
          v_misc_14, nicolae_vaults_gold_heap, v_alt_pattern_3,
          nicolae_vaults_specimen_jars, layout_vaults_maze, uniq_saint_roka
Vaults:3: v_misc_22, v_misc_24, vaults_room_door_ring,
          hellmonk_guarded_unrand_gong, hangedman_vaults_nodes, v_misc_27,
          hangedman_vaults_stream, ontoclasm_vaults_bender,
          vaults_mumra_minichess_inversion, v_misc_16, ontoclasm_vaults_eye,
          layout_vaults_ring, serial_shops, nicolae_square_shop
Vaults:4: hangedman_vaults_unwind, nicolae_vaults_know_your_exits,
          hangedman_vaults_nails, vaults_room_semicircle,
          hangedman_vaults_slice, nicolae_vaults_network_s, vaults_dpeg_ring,
          layout_vaults_omnigrid, uniq_xtahua
Vaults:5
Crypt:1:  layout_rooms, lemuel_upstairs_altar, grunt_megastairs_2
Crypt:2:  layout_rooms
Crypt:3:  lightli_unholy_cathedral, layout_chaotic_city,
          nicolae_tomb_entry_grand_gallery
Depths:1: layout_gridlike, enter_ziggurat_c, solitary_fountain,
          grunt_hell_entry_demonic_statue, pan_entry, minmay_swirly_circle
Depths:2: minmay_expanding_circles, layout_gridlike, abyss_entry,
          grunt_hell_entry_dis_mu, serial_bayou_pond_d
Depths:3: minmay_guarded_unrand_majin_bo, layout_cave_pools, pan_entry,
          enter_trove_0, serial_shops, shop, nicolae_shop_crystal, shop,
          nicolae_shop_trees, hell_entry, glass_columns_c, uniq_mennas
Depths:4: four-leaf_vault, layout_gridlike, hell_entry, abyss_entry,
          serial_bayou_pond_a, serial_bayou_shore_b, uniq_jory
Depths:5: grunt_twist_and_shout, layout_gridlike, hell_entry, pan_entry,
          fedhas_altar_4, nicolae_twisting_strands, grunt_ministairs_10,
          slow_altar_2
Hell
Abyss:3:  base: Depths:3, abyss_exit_lava, base: Snake:4,
          gammafunk_corrupted_shrine

Skill      XL: |  1  2  3  4  5  6  7  8  9 10 11 12 13 14 15 16 17 18 19 20 21 22 23 24 25 26 27 |
---------------+----------------------------------------------------------------------------------+-----
Shields        | 4 5 6 8 9 10 12 13 15 16 23 | 23.3
Fighting       | 4 5 6 7 9 10 11 12 14 15 16 17 18 19 20 21 23 24 25 27 | 27.0
Staves         | 3 4 5 6 7 9 10 11 12 13 14 16 17 21 | 21.2
Armour         | 4 6 9 10 12 13 14 15 16 17 18 19 20 21 22 | 22.0
Polearms       | 1 |  1.4
Invocations    | 3 6 7 8 11 | 11.3
Evocations     | 3 9 12 14 15 19 | 19.5
Dodging        | 1 5 7 9 11 13 19 | 19.1
Throwing       | 14 | 14.6
Maces & Flails | 10 | 10.3

Action                   |  1- 3 |  4- 6 |  7- 9 | 10-12 | 13-15 | 16-18 | 19-21 | 22-24 | 25-27 || total
-------------------------+-------+-------+-------+-------+-------+-------+-------+-------+-------++-------
Melee: Quarterstaff      |    94 |   132 |   218 |   594 |   760 |   848 |  1306 |  1447 |  2179 ||  7578
       Unarmed           |       |       |    23 |       |       |       |       |       |       ||    23
       Spear             |       |       |       |    36 |       |       |       |       |       ||    36
       Lajatang          |       |       |       |       |       |   453 |   302 |    10 |  1317 ||  2082
       Great mace        |       |       |       |       |       |       |       |       |   372 ||   372
Throw: Javelin           |       |       |       |       |       |       |       |       |     1 ||     1
Invok: Heroism           |       |       |     1 |    12 |    18 |     9 |     9 |     4 |    24 ||    77
       Finesse           |       |       |       |       |     4 |     3 |     5 |     2 |    13 ||    27
       Cleansing Flame   |       |       |       |       |       |       |       |       |     6 ||     6
       Divine Shield     |       |       |       |       |       |       |       |       |     1 ||     1
 Abil: Dig               |       |     2 |       |    11 |     4 |    12 |     9 |     3 |    38 ||    79
Evoke: Wand              |       |       |       |     4 |     2 |       |     8 |       |     3 ||    17
       Lightning rod     |       |       |       |       |       |       |       |       |    10 ||    10
       Tin of tremorston |       |       |       |       |       |       |       |       |     4 ||     4
       Phial of floods   |       |       |       |       |       |       |       |       |     1 ||     1
       Condenser vane    |       |       |       |       |       |       |       |       |     1 ||     1
  Use: Scroll            |       |     2 |     9 |     9 |     5 |     9 |     4 |     7 |    11 ||    56
       Potion            |       |       |       |     6 |     1 |       |     2 |     2 |     8 ||    19
 Stab: Invisible         |       |       |       |     4 |       |       |     9 |     9 |       ||    22
       Paralysed         |       |       |       |    12 |       |       |       |       |       ||    12
       Held in net/web   |       |       |       |     2 |       |       |       |       |       ||     2
       Confused          |       |       |       |     2 |       |       |       |       |       ||     2
Armor: Scale mail        |    49 |    42 |    58 |    51 |       |       |       |       |       ||   200
       Chain mail        |       |       |       |   145 |   246 |   281 |    80 |       |       ||   752
       Crystal plate arm |       |       |       |       |       |       |   355 |   414 |    55 ||   824
       Ice dragon scales |       |       |       |       |       |       |       |       |   775 ||   775
Dodge: Dodged            |    27 |    43 |    81 |   168 |   153 |   195 |   275 |   252 |   647 ||  1841
       Repelled          |       |       |       |       |       |       |       |     6 |       ||     6
Block: Kite shield       |    53 |    66 |   108 |   317 |   293 |   189 |       |   718 |  4330 ||  6074
       Tower shield      |       |       |       |       |       |   791 |  1383 |   794 |       ||  2968
